Construct Section Command Post
Construct Platoon Command Post
Construct Company Command Post
Selects British Armored Battlegroup
Selects Engineer Detachments
Selects Rigorous Vehicle Training
Selects Crusader AA Medium Tank
Selects Churchill Black Prince Heavy Tank
Churchill Black Prince Heavy Tank
Unlock Bishop Self-propelled Artillery
Bishop Self-propelled Artillery
Bishop Self-propelled Artillery
Selects Forward Repair Assembly
Bishop Self-propelled Artillery
Bishop Self-propelled Artillery